 Dungeon Crawl Stone Soup version 0.31.0-11-ge490571c62 (webtiles) character file.

Game seed: 12625121249615319323

1206 Gadfly the Insei (level 8, 0/60 HPs)
             Began as a Demonspawn Monk on Jan 28, 2024.
             Was a Follower of Ru.
             Killed by nerve-wracking pain
             ... invoked by an orc priest
              (6 damage)
             ... on level 4 of the Dungeon.
             The game lasted 00:08:09 (4305 turns).

Gadfly the Insei (Demonspawn Monk)                  Turns: 4305, Time: 00:08:09

Health: 0/60       AC:  9    Str: 13    XL:     8   Next: 21%
Magic:  0/8        EV: 13    Int: 11    God:    Ru [*.....]
Gold:   1016       SH:  0    Dex: 16    Spells: 7/7 levels left

rFire   . .          .
                       - Unarmed
rCold   . . .        c - orb {light}
rNeg    . . .        n - +3 leather armour
rPois   .            (no helmet)
rElec   .            (no cloak)
rCorr   .            (no gloves)
SInv    .            (no boots)
Will    .....        f - amulet of guardian spirit
Stlth   +            (no ring)
HPRegen 0.30/turn    (no ring)
MPRegen 0.11/turn

%: guardian spirit
@: confused, glowing
A: claws 1, yellow scales 2, powered by death 1, inability to train armour
a: Renounce Religion


You were on level 4 of the Dungeon.
You worshipped Ru.
Ru was aware of your devotion.
You visited 2 branches of the dungeon, and saw 6 of its levels.

You collected 1016 gold pieces.

Inventory:

Hand Weapons
 b - a +2 whip of flaming
 j - a +0 spectral long sword
Armour
 a - a +0 robe
 c - an orb of light (worn)
 n - a +3 leather armour (worn)
Jewellery
 f - an amulet of guardian spirit (around neck)
Wands
 m - a wand of polymorph (9) (quivered)
Scrolls
 d - a scroll of blinking
 e - a scroll of fear
Potions
 i - a potion of attraction


   Skills:
 + Level 4.0 Fighting
 + Level 4.3 Dodging
 * Level 5.0 Unarmed Combat
 + Level 4.6 Evocations
 * Level 4.3 Shapeshifting


You had 7 spell levels left.
You didn't know any spells.
Your spell library contained the following spells:

 Spells                   Type           Power      Damage    Failure   Level
 Sting                    Conj/Alch      0%         1d3       41%         1
 Ensorcelled Hibernation  Hex/Ice        0%         N/A       56%         2
 Jinxbite                 Hex            0%         N/A       56%         2
 Mercury Vapours          Alch/Air       0%         N/A       56%         2
 Fugue of the Fallen      Necr           0%         N/A       80%         3
 Gell's Gravitas          Tloc           0%         N/A       80%         3
 Hailstorm                Conj/Ice       0%         3d5       80%         3
 Summon Ice Beast         Ice/Summ       0%         N/A       80%         3
 Teleport Other           Tloc           0%         N/A       80%         3
 Anguish                  Hex/Necr       0%         N/A       99%         4
 Olgreb's Toxic Radiance  Alch           0%         N/A       99%         4
 Yara's Violent Unravell  Hex/Alch       0%         3d3       100%        5
 Dispersal                Tloc           0%         N/A       100%        6
 Sculpt Simulacrum        Ice/Alch       0%         N/A       100%        6
 Enfeeble                 Hex            0%         N/A       100%        7


Dungeon Overview and Level Annotations

Branches:
Dungeon (5/15)             Temple (1/1) D:4

Altars:
Ashenzari
Cheibriados
Dithmenos
Gozag
Hepliaklqana
Kikubaaqudgha
Makhleb
Nemelex Xobeh
Okawaru
Qazlal
Ru
Sif Muna
Trog
Vehumet
Wu Jian
Xom
Yredelemnul

Shops:
D:3 (


Innate Abilities, Weirdness & Mutations

You have sharp fingernails.
You are mostly covered in yellow scales. (AC +3)
You regenerate a little health from kills.
You cannot train Armour skill.


Message History

The orc wizard misses you.
The orc priest mumbles some strange prayers to Beogh against you.
Beogh smites you!
* * * LOW HITPOINT WARNING * * *
The orc wizard hits you but does no damage.
You scratch the orc priest but do no damage.
The orc priest is heavily wounded.
The orc wizard barely misses you. The orc priest misses you.
The orc wizard casts a spell.
The orc wizard flickers and vanishes for a moment.
You scratch the orc priest but do no damage.
The orc priest is heavily wounded.
The orc wizard hits you but does no damage.
The orc priest hits you but does no damage.
The orc wizard points at you and mumbles some strange words.
You are confused.
Unknown command.
You are too confused!
You bump into the rock wall.
The orc wizard hits you but does no damage.
The orc priest hits you with a +0 flail!
* * * LOW HITPOINT WARNING * * *
The orc wizard barely misses you.
Okay, then.
You are too confused!
You are too confused!
The orc wizard attacks as it pursues you!
The orc wizard hits you but does no damage.
The orc priest attacks as it pursues you!
The orc priest barely misses you.
The orc priest attacks as it pursues you!
The orc priest hits you with a +0 flail.
* * * LOW HITPOINT WARNING * * *
You bump into the rock wall.
The orc priest barely misses you.
Okay, then.
You scratch the orc priest.
The orc priest is almost dead.
The orc priest calls down the wrath of Beogh upon you.
Pain shoots through your body!
You die...

#.##.# #># #......## #.#
##.##.#####.# #.#...## #)#
#..##.##....# #.##..# #.#
#.###.##.#### #.##..# #.#
####.# #....######.....# #.#
..##.# ####............# #.#
#.##.# ##.#.[>......[# #.#
#.##.# ##...#.###.###.# #.#
#.##.####..(###o@......# #.#
.......).......###.#########.#
#.#####[####...# #...........#
#.#####.####...# #############
...##.....##...#
..###.....##..####
#####.._..##.....#
#####.§§..##.###.#
..<##§≈§≈.##.# #.#


You could see an orc priest.

Vanquished Creatures
  Pikel (D:4)
  Grinder (D:3)
  Menkaure (D:4)
  2 scorpions (D:4)
  Ijyb (D:3)
  2 iguanas (D:4)
  3 orc wizards (D:4)
  6 adders
  3 dart slugs
  2 ribbon worms
  6 orcs
  9 endoplasms
  4 giant cockroaches
  6 goblins
  2 hobgoblins
  A jackal (D:1)
  7 kobolds
  5 quokkas
  A ball python (D:1)
  9 bats
  6 frilled lizards
  12 rats
90 creatures vanquished.

Notes
Turn   | Place    | Note
-------+----------+-------------------------------------------
     0 | D:1      | Gadfly the Demonspawn Monk began the quest for the Orb.
     0 | D:1      | Reached XP level 1. HP: 18/18 MP: 1/1
   109 | D:1      | Gained mutation: You regenerate a little health from kills.
                  | [demonic ancestry]
   109 | D:1      | Reached XP level 2. HP: 23/24 MP: 2/2
   172 | D:1      | Reached skill level 1 in Evocations
   354 | D:1      | Reached skill level 1 in Shapeshifting
   594 | D:1      | Gained mutation: You are partially covered in yellow
                  | scales. (AC +2) [demonic ancestry]
   594 | D:1      | Reached XP level 3. HP: 17/29 MP: 3/3
   823 | D:1      | Identified a scroll of acquirement
   823 | D:1      | Acquired 823 gold pieces
  1136 | D:2      | Reached skill level 3 in Unarmed Combat
  1363 | D:2      | Gained mutation: You have sharp fingernails. [demonic
                  | ancestry]
  1363 | D:2      | Reached XP level 4. HP: 32/35 MP: 4/4
  1629 | D:3      | Found a faded altar of an unknown god.
  1738 | D:3      | Found a hazy altar of Hepliaklqana.
  1870 | D:3      | Found Nomp's Weapon Emporium.
  1925 | D:3      | Found a radiant altar of Vehumet.
  2099 | D:3      | Noticed Ijyb
  2130 | D:3      | Killed Ijyb
  2240 | D:3      | Noticed Grinder
  2257 | D:3      | Paralysed by Grinder for 2 turns
  2264 | D:3      | Killed Grinder
  2265 | D:3      | Gained mutation: You are mostly covered in yellow scales.
                  | (AC +3) [demonic ancestry]
  2265 | D:3      | Reached XP level 5. HP: 10/41 MP: 1/5
  2265 | D:3      | Reached XP level 6. HP: 11/47 MP: 1/6
  2417 | D:3      | Found a shimmering altar of Xom.
  2738 | D:4      | Noticed Pikel
  2764 | D:4      | Noticed Menkaure
  2856 | D:4      | Found a staircase to the Ecumenical Temple.
  2864 | Temple   | Entered the Ecumenical Temple
  2886 | Temple   | Became a worshipper of Ru the Awakened
  2900 | Temple   | Gained mutation: You cannot train Armour skill. [Ru
                  | sacrifice]
  2900 | Temple   | Reached * piety under Ru
  3019 | D:4      | Found an ornate altar of the Wu Jian Council.
  3124 | D:4      | Killed Menkaure
  3125 | D:4      | Reached XP level 7. HP: 20/52 MP: 2/7
  3359 | D:4      | Reached skill level 4 in Unarmed Combat
  3821 | D:4      | HP: 1/52 [Pikel/+2 whip of flaming (3)]
  3828 | D:4      | Killed Pikel
  3829 | D:4      | Reached XP level 8. HP: 24/60 MP: 2/8
  4014 | D:5      | Entered Level 5 of the Dungeon
  4278 | D:4      | Reached skill level 5 in Unarmed Combat
  4305 | D:4      | Killed from afar by an orc priest

Illustrated notes

Levels and vault maps discovered:
D:1:      elethiomel_arrival_diamonds, layout_rooms, minmay_split_cup_large
D:2:      minmay_door_path, layout_basic
D:3:      minmay_chambers_of_twos, layout_basic, mainiacjoe_overflow_catwalk,
          marbit_many_paths, mainiacjoe_overflow_alcove_4, serial_shops,
          shop_fountains, dreamdust_ecumenical_altar_angels_and_demons,
          uniq_grinder, uniq_ijyb
D:4:      layout_loops_ring, nicolae_wu_jian_glorious_leap,
          minmay_temple_entry_trees, uniq_pikel, uniq_menkaure
D:5:      layout_rooms
Temple:   nicolae_temple_bog_church

Skill      XL: |  1  2  3  4  5  6  7  8 |
---------------+-------------------------+-----
Evocations     | 1 2 3 4 |  4.6
Shapeshifting  | 1 2 3 4 |  4.3
Unarmed Combat | 3 4 5 |  5.0
Dodging        | 3 4 |  4.3
Fighting       | 4 |  4.0

Action                     |  1- 3 |  4- 6 |  7- 9 || total
---------------------------+-------+-------+-------++-------
  Melee: Unarmed           |   135 |   184 |    44 ||   363
         Long sword        |       |       |    28 ||    28
         Punch             |       |       |     1 ||     1
 Invoke: Sacrifice Durabil |       |     1 |       ||     1
    Use: Scroll            |     4 |    10 |     1 ||    15
         Potion            |       |     2 |     1 ||     3
   Stab: Distracted        |       |       |     2 ||     2
 Armour: Robe              |    62 |    17 |       ||    79
         Leather armour    |       |    68 |    56 ||   124
         Skin              |       |     5 |       ||     5
  Dodge: Dodged            |    97 |   119 |    35 ||   251
